 Dungeon Crawl Stone Soup version 0.29-a0-878-g7b45a56547 (webtiles) character file.

Game seed: 15300176782337884555

2 LynnLen the Vexing (level 1, -3/13 HPs)
             Began as a Vampire Enchanter on July 19, 2022.
             Slain by a hobgoblin (5 damage)
             ... on level 1 of the Dungeon.
             The game lasted 00:00:29 (131 turns).

LynnLen the Vexing (Vampire Enchanter)               Turns: 131, Time: 00:00:30

Health: -3/13      AC:  2    Str:  7    XL:     1   Next: 25%
Magic:  3/3        EV: 12    Int: 17    God:
Gold:   8          SH:  0    Dex: 14    Spells: 4/4 levels left

rFire   . . .      SeeInvis +   a - +1 dagger
rCold   . . .      Faith    .   (no shield)
rNeg    . . .      Spirit   .   b - +0 robe
rPois   .          Reflect  .   (no helmet)
rElec   .          Harm     .   (no cloak)
rCorr   .          Rampage  .   (no gloves)
Will    .....                   (no boots)
Stlth   +++.......              (no amulet)
HPRegen 0.24/turn               (no ring)
MPRegen 0.08/turn               (no ring)

@: healing quickly, invisible
A: alive, fangs 3, see invisible, vampiric 1
a: Exsanguinate


You were on level 1 of the Dungeon.
You visited 1 branch of the dungeon, and saw 1 of its levels.

You collected 8 gold pieces.

Inventory:

Hand Weapons
 a - a +1 dagger (weapon)
Armour
 b - a +0 robe (worn)
Potions
 c - a potion of invisibility
 d - a potion of brilliance {unknown}


   Skills:
 * Level 0.1 Fighting
 * Level 1.2 Short Blades
 + Level 2.2 Dodging
 + Level 4.4 Stealth
 - Level 2.0 Spellcasting
 - Level 4.4 Hexes


You had 4 spell levels left.
You didn't know any spells.
Your spell library contained the following spells:

 Spells                   Type           Power      Damage    Failure   Level
 Confusing Touch          Hex            16%        N/A       10%         3
 Tukima's Dance           Hex            16%        N/A       10%         3
 Ensorcelled Hibernation  Hex/Ice        18%        N/A       12%         2
 Dazzling Flash           Conj/Hex       18%        N/A       24%         3


Dungeon Overview and Level Annotations

Branches:
Dungeon (1/15)

Altars:


Innate Abilities, Weirdness & Mutations

Your natural rate of healing is accelerated.
You have razor-sharp teeth.
You have supernaturally acute eyesight. (SInv)
You are afflicted with vampirism.


Message History

The bat hits you but does no damage. The bat barely misses you.
You closely miss the bat. The bat completely misses you.
The bat closely misses you.
You hit the bat.
The bat is severely wounded.
The bat hits you but does no damage. The bat barely misses you.
The goblin hits you with a +0 club.
A hobgoblin comes into view.
You closely miss the bat.
The bat is severely wounded.
The bat hits you but does no damage. The bat misses you.
The goblin hits you with a +0 club. The bat misses you.
The goblin barely misses you.
You hit the goblin.
The goblin is heavily wounded.
The bat closely misses you. The bat misses you.
The goblin hits you but does no damage.
You hit the goblin.
The goblin is severely wounded.
The bat hits you but does no damage. The goblin closely misses you.
The bat closely misses you.
You completely miss the goblin.
The goblin is severely wounded.
The goblin hits you with a +0 club. The hobgoblin closely misses you.
You hit the goblin but do no damage.
The goblin is severely wounded.
The bat hits you. The hobgoblin closely misses you.
The goblin hits you but does no damage.
You barely miss the goblin.
The goblin is severely wounded.
The bat hits you but does no damage. The bat barely misses you.
The hobgoblin barely misses you. The goblin hits you with a +0 club.
You miss the goblin.
The goblin is severely wounded.
The hobgoblin hits you.
* * * LOW HITPOINT WARNING * * *
The goblin misses you.
You fade into invisibility!
The bat barely misses you. The bat misses you. The hobgoblin hits you.
You die...

#. ..# .. .. ..#.. #.
..#. .. #. ... ... #.
..#..# #.#..#..#
......#bg.....#
......##@g.#
.(.....#...#
.......#...#
.......#...#
.......#...#
...........#
.....#....#
#############...##.####


PPPPPPP................ You could see a hobgoblin (unable to see you), a goblin
(unable to see you) and a bat.

Vanquished Creatures
  An endoplasm (D:1)
  A rat (D:1)
2 creatures vanquished.

Vanquished Creatures (others)
  17 plants (D:1)
17 creatures vanquished.

Grand Total: 19 creatures vanquished

Notes
Turn   | Place    | Note
-------+----------+-------------------------------------------
     0 | D:1      | LynnLen the Vampire Enchanter began the quest for the Orb.
     0 | D:1      | Reached XP level 1. HP: 13/13 MP: 3/3
   131 | D:1      | Slain by a hobgoblin

Illustrated notes

Levels and vault maps discovered:
D:1:      roderic_crop_circles_arrival_small, layout_basic

Action                   || total
-------------------------++-------
Melee: Dagger            ||    84
       Bite              ||    15
       Punch             ||     1
  Use: Potion            ||     1
Armor: Robe              ||     9
Dodge: Dodged            ||    20

Table legend: (Time is in decaauts)
 A = Elapsed time spent in this place.
 B = Non-inter-level travel time spent in this place.
 C = Inter-level travel time spent in this place.
 D = Time resting spent in this place.
 E = Time spent auto-exploring this place.
 F = Levels seen in this place.
 G = Mean time per level.
                   A        B        C        D        E       F      G
               +--------+--------+--------+--------+--------+-----+--------+
         Total |    126 |    126 |      0 |      0 |      5 |   1 |  126.0 |
       Dungeon |    126 |    126 |      0 |      0 |      5 |   1 |  126.0 |
               +--------+--------+--------+--------+--------+-----+--------+

Top non-repeatable levels by time:
     D:1: 126 daAuts
